 Dungeon Crawl Stone Soup version 0.30.0-15-g856e2d3f33 (webtiles) character file.

Game seed: 9780348243996368060

1539 Twinkles the Cleaver (level 9, -1/118 HPs)
             Began as a Meteoran Fighter on May 20, 2023.
             Slain by Menkaure (17 damage)
             ... on level 6 of the Dungeon.
             The game lasted 00:21:21 (2638 turns).

Twinkles the Cleaver (Meteoran Fighter)             Turns: 2638, Time: 00:21:22

Health: -1/118     AC: 21    Str: 22    XL:     9   Next: 32%
Magic:  10/10      EV:  3    Int: 10    God:
Gold:   176        SH:  5    Dex: 14    Spells: 8/8 levels left

rFire   + . .        a - +0 war axe
rCold   . . .        c - +0 buckler
rNeg    . . .        r - +1 crystal plate armour
rPois   .            (no helmet)
rElec   .            (no cloak)
rCorr   .            u - +0 pair of gloves
SInv    .            (no boots)
Will    +....        (no amulet) Stlth
                     s - ring of protection from fire
HPRegen 0.39/turn    (no ring)
MPRegen 0.12/turn

%: no passive effects
@: berserking, glowing, very quick
A: sense surroundings 2, otherworldly, glowing, explore regen
a: no special abilities


You were on level 6 of the Dungeon.
You visited 1 branch of the dungeon, and saw 8 of its levels.
You also visited: Sewer.

You collected 266 gold pieces.
You spent 90 gold pieces at shops.

Inventory:

Hand Weapons
 a - a +0 war axe (weapon)
Missiles
 o - 8 boomerangs (quivered)
 A - 3 silver javelins
Armour
 b - a +0 scale mail
 c - a +0 buckler (worn)
 r - a +1 crystal plate armour (worn)
 u - a +0 pair of gloves (worn)
 y - a +3 chain mail
Jewellery
 s - a ring of protection from fire (left hand)
Wands
 i - a wand of iceblast (6)
 j - a wand of polymorph (7)
Scrolls
 d - 2 scrolls of enchant weapon {unknown}
 e - a scroll of magic mapping {unknown}
 f - 3 scrolls of noise
 g - a scroll of teleportation {unknown}
 k - 2 scrolls of enchant armour {unknown}
 m - 3 scrolls of silence {unknown}
 n - a scroll of fear {unknown}
 p - 3 scrolls of blinking {unknown}
 q - 2 scrolls of fog {unknown}
 x - a scroll of vulnerability {unknown}
 Z - 7 scrolls of identify
Potions
 h - a potion of resistance {unknown}
 l - a potion of heal wounds {unknown}
 t - a potion of flight {unknown}
 v - a potion of magic {unknown}
 w - a potion of degeneration {unknown}
 z - a potion of lignification {unknown}
 B - 2 potions of brilliance
 C - 2 potions of cancellation
 J - 7 potions of curing
 M - 2 potions of might


   Skills:
 + Level 7.2 Fighting
 + Level 8.4 Axes
 + Level 7.9 Armour
 - Level 3.9 Shields


You had 8 spell levels left.
You didn't know any spells.
Your spell library contained the following spells:

 Spells                   Type           Power      Damage    Failure   Level
 Freeze                   Ice            0%         1d3       100%        1
 Dazzling Flash           Conj/Hex       0%         N/A       100%        3
 Frozen Ramparts          Ice            0%         1d1       100%        3
 Hailstorm                Conj/Ice       0%         3d3       100%        3
 Volatile Blastmotes      Fire/Tloc      0%         2d10      100%        3
 Iskenderun's Mystic Bla  Conj/Tloc      0%         2d3       100%        4
 Starburst                Conj/Fire      0%         6d3       100%        6


Dungeon Overview and Level Annotations

Branches:
Dungeon (8/15) Zot: 2387    Sewer (visited)
 Temple: D:4-7         Lair: D:8-11

Altars:
Fedhas
Trog
Wu Jian
Zin

Shops:
D:1 [   D:2 [   D:5 =

Annotations:
D:2 1 runed translucent door, Crazy Yiuf
D:4 exclusions: upstairs and 2 more exclusions
D:6 Menkaure


Innate Abilities, Weirdness & Mutations

You passively map the area around you.
You are easily found by Zot.
You glow in the dark.
You regain HP and MP as you explore.


Message History

Menkaure casts a spell.
Menkaure seems to speed up.
You barely miss the kobold brigand.
You feel sick.
The kobold brigand hits you but does no damage.
You hit the kobold brigand.
The kobold brigand is lightly wounded.
You feel sick.
The kobold brigand hits you but does no damage.
You barely miss the kobold brigand.
The kobold brigand is lightly wounded.
You feel sick.
The kobold brigand hits you but does no damage.
Menkaure hits you.
You hit Menkaure.
Menkaure is lightly damaged.
You barely miss the kobold brigand.
You feel sick.
The kobold brigand hits you with a +0 dagger.
Menkaure hits you!
You barely miss Menkaure.
Menkaure is lightly damaged.
You slash the kobold brigand!
You feel sick.
The kobold brigand hits you with a +0 dagger.
Menkaure calls on the powers of darkness!
The kobold brigand convulses!
Your body is wracked with pain!
* * * LOW HITPOINT WARNING * * *
The kobold brigand hits you but does no damage.
A red film seems to cover your vision as you go berserk!
You feel yourself moving faster!
You feel mighty!
You feel sick. Menkaure hits you but does no damage.
The kobold brigand hits you but does no damage.
Menkaure hits you!
* * * LOW HITPOINT WARNING * * *
You barely miss Menkaure.
Menkaure is lightly damaged.
You slash the kobold brigand!
You kill the kobold brigand!
You feel sick.
You are no longer poisoned.
Menkaure hits you!
You die...

* ** ### #..# * ,,
#.##### ...#### ##.#...#
...#..* *
#......#######.... ,* ,,
* ##.#...##.# ..... , *
###..##.....###...* ###.
, ,*
#............#...##.....
,
.............#..@)......
*
...........)###.)M.###..
, ........##.........# ,
.......#........##.# *
......##[..#.......# , ,
.....##...#........# *
,...
.....#...##........###
** #..,
...................#.##.
* ..##
###.............#.......
,, ,...


You could see Menkaure (fast).

Vanquished Creatures
  Grinder (D:5)
  A sky beast (D:6)
  2 ogres
  A centaur (D:5)
  A kobold brigand (D:6)
  2 bullfrogs (Sewer)
  3 scorpions
  A vampire bat (D:4)
  A jelly (D:6)
  An orc priest (D:7)
  A hound (D:5)
  A gnoll bouda (D:5)
  2 sleepcaps
  3 iguanas
  4 orc wizards
  Robin (D:2)
  8 gnolls
  9 adders
  A white imp (D:7)
  2 ufetubi
  2 worms
  A dart slug (D:5)
  13 orcs
  9 bats
  5 endoplasms
  12 giant cockroaches
  4 hobgoblins
  6 jackals
  4 quokkas
  7 ball pythons
  7 frilled lizards
  16 goblins
  10 kobolds
  4 rats
146 creatures vanquished.

Notes
Turn   | Place    | Note
-------+----------+-------------------------------------------
     0 | D:1      | Twinkles the Meteoran Fighter began the quest for the Orb.
     0 | D:1      | Reached XP level 1. HP: 19/19 MP: 2/2
    45 | D:1      | Reached XP level 2. HP: 25/26 MP: 3/3
   102 | D:2      | Found Ikly's Armour Shop.
   109 | D:2      | Noticed Robin
   121 | D:1      | Reached XP level 3. HP: 15/31 MP: 4/4
   281 | D:1      | Reached skill level 3 in Axes
   411 | D:1      | Reached XP level 4. HP: 40/40 MP: 5/5
   477 | D:2      | Killed Robin
   565 | D:3      | Noticed an ogre
   664 | D:2      | Noticed a floating eye
   665 | D:2      | Found a faded altar of an unknown god.
   668 | D:2      | Noticed an eye of devastation
   668 | D:2      | Noticed a great orb of eyes
   668 | D:2      | Noticed a floating eye
   685 | D:3      | Found a blossoming altar of Fedhas.
   715 | D:3      | Reached skill level 4 in Axes
   715 | D:3      | Reached XP level 5. HP: 45/46 MP: 6/6
   782 | D:2      | Found a runed translucent door.
   783 | D:2      | Noticed Crazy Yiuf
   959 | D:4      | Reached XP level 6. HP: 53/53 MP: 7/7
   994 | D:4      | Reached skill level 5 in Axes
  1084 | D:4      | Found a glowing drain.
  1179 | D:4      | Reached skill level 5 in Armour
  1194 | Sewer    | Entered a sewer
  1415 | Sewer    | Reached XP level 7. HP: 34/60 MP: 8/8
  1418 | Sewer    | Reached skill level 5 in Fighting
  1418 | Sewer    | Reached skill level 6 in Axes
  1647 | D:4      | Found Zin's Purification Station.
  1647 | D:4      | Found a glowing silver altar of Zin.
  1655 | D:4      | Bought a potion of curing for 90 gold pieces
  1744 | D:5      | Entered Level 5 of the Dungeon
  1758 | D:5      | Found Fygrigisi's Jewellery Boutique.
  1761 | D:5      | Reached XP level 8. HP: 47/69 MP: 9/9
  1795 | D:4      | HP: 24/69 [poisoned by a scorpion]
  1960 | D:5      | Reached skill level 7 in Axes
  2125 | D:5      | Found an ornate altar of the Wu Jian Council.
  2215 | D:5      | Noticed Grinder
  2225 | D:5      | Paralysed by Grinder for 5 turns
  2236 | D:5      | Killed Grinder
  2237 | D:5      | Gained mutation: You passively map the area around you.
                  | [Meteoran growth]
  2237 | D:5      | Reached XP level 9. HP: 70/78 MP: 10/10
  2345 | D:6      | Reached skill level 8 in Axes
  2366 | D:6      | Found a bloodstained altar of Trog.
  2628 | D:6      | Noticed Menkaure
  2636 | D:6      | HP: 21/79 [??? (18)]
  2638 | D:6      | Slain by Menkaure

Illustrated notes

Levels and vault maps discovered:
D:1:      erik_arrival_blinker_ship, layout_loops_ring, minmay_liquid_box,
          minivault_4, chequers_serial_rivers_micro_c, minmay_hexomino_u4
D:2:      layout_basic, serial_shops, shop,
          hellmonk_ecumenical_altar_watching_god, uniq_crazy_yiuf_cottage,
          uniq_robin, uniq_sigmund
D:3:      layout_rooms, nicolae_overflow_crystal_walls, st_stairs_10,
          kennysheep_cluttered_room, minmay_crystal_water, uniq_natasha
D:4:      layout_gridville, zin_purify, portal_sewer_entry_b, roderic_batcave
D:5:      layout_cave_pools, kennysheep_mini_moat, serial_shops, shop,
          uniq_grinder
D:6:      layout_cave_pools, bloody_trog, uniq_menkaure
D:7:      layout_basic, nicolae_overflow_hidden_temple,
          minmay_temple_entry_proselytizer, minmay_misc_feat_doors,
          chequers_serial_rivers_room_b, serial_park_tiny_1, uniq_duvessa
D:8:      layout_basic, slow_altar_2, dpeg_oklobed_lair, serial_bayou_ford_a

Skill      XL: |  1  2  3  4  5  6  7  8  9 |
---------------+----------------------------+-----
Axes           | 3 4 5 6 7 8 |  8.4
Armour         | 4 5 6 7 |  7.9
Fighting       | 4 5 6 7 |  7.2
Shields        | |  3.9

Action                     |  1- 3 |  4- 6 |  7- 9 || total
---------------------------+-------+-------+-------++-------
  Melee: War axe           |    57 |   195 |   195 ||   447
  Throw: Boomerang         |       |     1 |       ||     1
    Use: Scroll            |       |       |     4 ||     4
         Potion            |       |       |     1 ||     1
 Armour: Scale mail        |    31 |   121 |     1 ||   153
         Crystal plate arm |       |       |   222 ||   222
  Dodge: Dodged            |    25 |    75 |    23 ||   123
  Block: Buckler           |    18 |    62 |    52 ||   132
